 Dungeon Sprint DCSS version 0.19-a0-751-gbe1ce7d (webtiles) character file.

2036 Groucho the Blocker (level 9, -2/67 HPs)
             Began as a Halfling Fighter on June 25, 2016.
             Was a High Priest of Dithmenos.
             Drowned by a water elemental (6 damage)
             ... in the Dungeon (Sprint V: "Ziggurat Sprint").
             The game lasted 00:03:37 (204 turns).

Groucho the Blocker (Halfling Fighter)               Turns: 204, Time: 00:03:38

Health: -2/67      AC: 31    Str: 27    XL:     9   Next: 48%
Magic:  9/9        EV: 10    Int:  7    God:    Dithmenos [*****.]
Gold:   0          SH: 32    Dex: 17    Spells: 0 memorised, 8 levels left

rFire  . . .     SeeInvis .     N - +6 shillelagh "Devastator" {shatter}
rCold  . . .     Gourm    .     K - +15 Maxwell's patent armour {-Cast -Tele rElec MR+ rCorr}
rNeg   + . .     Faith    .     L - +18 shield of the Gong {rElec rN+ MR+ EV-5}
rPois  .         Spirit   .     (no helmet)
rElec  +         Dismiss  .     (no cloak)
rCorr  +         Reflect  .     c - +0 pair of gloves {archery}
SustAt .         Harm     .     (no boots)
MR     ++...     NoTele   +     a - amulet of regeneration
Stlth  .......... NoCast   +    O - ring of Xom's Whimsicality {Str+2 Dex+3 Slay+3}
                                E - +6 ring of strength

@: lethally poisoned (-2 -> -8), engulfed (cannot breathe), wreathed by umbra,
very resistant to hostile enchantments, extremely unstealthy
A: mutation resistance 1
a: Shadow Step, Shadow Form, Renounce Religion


You were in the Dungeon.
You worshipped Dithmenos.
Dithmenos was extremely pleased with you.
You were not hungry.

You visited 1 branch

Inventory:

Hand Weapons
 M - the +8 lance "Wyrmbane" {slay drac, +Rage rPois rF+ AC+5}
   (You found it in the Dungeon)

   It affects your AC (+5).
   It protects you from fire.
   It protects you from poison.
   It lets you go berserk.
 N - the +6 shillelagh "Devastator" (weapon) {shatter}
   (You found it in the Dungeon)
Armour
 c - a +0 pair of gloves of archery (worn)
 l - a +5 gold dragon armour
 K - the +15 Maxwell's patent armour (worn) {-Cast -Tele rElec MR+ rCorr}
   (You found it in the Dungeon)

   It insulates you from electricity.
   It affects your resistance to hostile enchantments.
   It prevents spellcasting.
   It prevents most forms of teleportation.
   It protects you from acid and corrosion.
 L - the +18 shield of the Gong (worn) {rElec rN+ MR+ EV-5}
   (You found it in the Dungeon)

   It affects your evasion (-5).
   It insulates you from electricity.
   It protects you from negative energy.
   It affects your resistance to hostile enchantments.
Jewellery
 a - an amulet of regeneration (around neck)
 y - a +6 ring of dexterity
 B - a +6 ring of dexterity
 C - a +6 ring of intelligence
 D - a +6 ring of intelligence
 E - a +6 ring of strength (left hand)
 F - a +6 ring of strength
 O - the ring of Xom's Whimsicality (right hand) {Str+2 Dex+3 Slay+3}
   (You found it in the Dungeon)

   [ring of dexterity]

   It affects your strength (+2).
   It affects your dexterity (+3).
   It affects your accuracy and damage with ranged weapons and melee attacks
   (+3).
 P - a +2 ring of dexterity
 Q - an uncursed ring of protection from fire
 R - the ring "Bief Yged" {rCorr -Tele +Inv rPois rC+}
   (You found it in the Dungeon)

   [ring of resist corrosion]

   It protects you from cold.
   It protects you from poison.
   It lets you turn invisible.
   It prevents most forms of teleportation.
Wands
 G - a wand of disintegration (7/24)
 H - a wand of iceblast (5/15)
 I - a wand of lightning (5/15)
 J - a wand of acid (5/15)
Scrolls
 k - 4 scrolls of blinking
 r - 4 scrolls of amnesia
 s - 3 scrolls of recharging
 t - 7 scrolls of fog
 u - a scroll of holy word
 v - 5 scrolls of identify
 w - 5 scrolls of remove curse
 x - 2 scrolls of fear
Potions
 d - 6 potions of might
 e - 10 potions of curing
 g - 10 potions of heal wounds
 h - 6 potions of haste
 i - 7 potions of magic
 j - 3 potions of berserk rage
 m - 2 potions of brilliance
 n - 2 potions of invisibility
 o - 4 potions of resistance
 p - a potion of experience
 q - 5 potions of agility
Miscellaneous
 b - 2 phantom mirrors
Comestibles
 f - 5 bread rations
 z - 42 fruits
 A - 4 meat rations


   Skills:
 * Level 8.9 Fighting
   Level 2.6 Short Blades
 * Level 7.7 Maces & Flails
 * Level 10.5 Armour
 * Level 10.0 Dodging
 * Level 10.5 Shields


You had 8 spell levels left.
You didn't know any spells.

Dungeon Overview and Level Annotations

Branches:
Dungeon (1/1)

Altars:
Ashenzari
Cheibriados
Dithmenos
Elyvilon
Fedhas
Gozag
Hepliaklqana
Kikubaaqudgha
Makhleb
Nemelex Xobeh
Okawaru
Pakellas
Qazlal
Ru
Sif Muna
Trog
Uskayaw
Vehumet
Xom
Yredelemnul
Zin
The Shining One
Beogh
Jiyva
Lugonu


Innate Abilities, Weirdness & Mutations

You are small and have problems with some larger weapons.
You are somewhat resistant to further mutation.


Message History

The orc warrior's corpse dissolves into shadows!
The water elemental is heavily damaged.
* * * LOW HITPOINT WARNING * * *
Your lungs strain for air!
* * * LOW HITPOINT WARNING * * *
You feel sick. Something hits you but does no damage.
The mace of protection hits you but does no damage.
You block the fire elemental's attack.
PTOANNNG!
You block the water elemental's attack.
GONNNNG!
You block the fire elemental's attack.
BOUMMMMG!
You block the halberd of venom's attack.
BOUMMMMG!
You sock the fire elemental!
The water elemental, the deep elf mage and the mace of protection shudder.
The water elemental is severely damaged.
The deep elf mage is heavily wounded.
The fire elemental is heavily damaged.
You die...

▓▓▓▓▓▓▓▓▓
▓..8©8..▓
▓..)!)..▓
▓..)|)..▓
▓.......▓
▓...le..▓
▓...(o..▓
▓...E(e.▓
▓.▓.@E▓.▓
▓....EE.▓
▓▓▓▓▓▓▓▓▓


You could see a deep elf archer, a water elemental, a deep elf mage, 3 fire
elementals, an iguana, 2 dancing weapons and an orc.

Vanquished Creatures
  2 black mambas (D)
  An air elemental (D)
  2 yaks (D)
  2 nagas (D)
  3 porcupines (D)
  3 wolves (D)
  3 scorpions (D)
  An iguana (D)
  3 river rats (D)
  2 ball pythons (D)
  3 jackals (D)
25 creatures vanquished.

Notes
Turn   | Place    | Note
--------------------------------------------------------------
     0 | D        | Groucho the Halfling Fighter began the quest for the Orb.
     0 | D        | Reached XP level 1. HP: 15/15 MP: 1/1
     5 | D        | Found a blossoming altar of Fedhas.
     5 | D        | Found a snail-covered altar of Cheibriados.
     5 | D        | Found a viscous altar of Jiyva.
     5 | D        | Found a roughly hewn altar of Beogh.
     5 | D        | Found a corrupted altar of Lugonu.
     6 | D        | Found a white marble altar of Elyvilon.
     6 | D        | Found a shimmering altar of Xom.
     8 | D        | Found a deep blue altar of Sif Muna.
     8 | D        | Found a burning altar of Makhleb.
     8 | D        | Found a bloodstained altar of Trog.
     8 | D        | Found an iron altar of Okawaru.
     8 | D        | Found a sparkling altar of Nemelex Xobeh.
     8 | D        | Found a radiant altar of Vehumet.
    42 | D        | Became a worshipper of Dithmenos the Shadowed
    84 | D        | Entered arena 1.
    84 | D        | Noticed a wolf
    84 | D        | Noticed a wolf
    85 | D        | Killed a wolf
    85 | D        | Reached skill level 5 in Armour
    85 | D        | Reached skill level 5 in Shields
    85 | D        | Reached XP level 2. HP: 22/22 MP: 2/2
    85 | D        | Reached XP level 3. HP: 27/27 MP: 3/3
    85 | D        | Reached XP level 4. HP: 33/33 MP: 4/4
    91 | D        | Killed a wolf
    91 | D        | Reached skill level 5 in Fighting
    91 | D        | Reached XP level 5. HP: 39/39 MP: 5/5
   103 | D        | Entered arena 2.
   110 | D        | Reached * piety under Dithmenos
   110 | D        | Reached skill level 5 in Dodging
   110 | D        | Reached XP level 6. HP: 41/45 MP: 6/6
   127 | D        | Entered arena 3.
   127 | D        | Noticed a yak
   127 | D        | Noticed a porcupine
   130 | D        | Killed a porcupine
   130 | D        | Reached ** piety under Dithmenos
   130 | D        | Reached skill level 5 in Maces & Flails
   130 | D        | Reached XP level 7. HP: 48/53 MP: 7/7
   132 | D        | Killed a yak
   138 | D        | Entered arena 4.
   138 | D        | Noticed a yak
   144 | D        | Reached *** piety under Dithmenos
   147 | D        | Killed a yak
   147 | D        | Reached XP level 8. HP: 56/60 MP: 8/8
   153 | D        | Entered arena 5.
   155 | D        | Reached **** piety under Dithmenos
   164 | D        | Got the ring of Xom's Whimsicality {Str+2 Dex+3 Slay+3}
   172 | D        | Entered arena 6.
   172 | D        | Noticed a black mamba
   172 | D        | Noticed a black mamba
   177 | D        | Reached ***** piety under Dithmenos
   177 | D        | Killed a black mamba
   177 | D        | Reached XP level 9. HP: 66/66 MP: 9/9
   181 | D        | Reached skill level 10 in Armour
   181 | D        | Reached skill level 10 in Shields
   181 | D        | Killed a black mamba
   190 | D        | Got the ring "Bief Yged" {rCorr -Tele +Inv rPois rC+}
   192 | D        | Got the ring "Xuitsap" {+Blink rElec rF++ Str-5 Stlth+}
   194 | D        | Entered arena 7.
   194 | D        | Noticed a halberd of venom
   194 | D        | Noticed a mace of protection
   194 | D        | Noticed a deep elf mage
   194 | D        | Noticed a deep elf archer
   196 | D        | Identified a +6 rod of shadows (5/10)
   200 | D        | Reached skill level 10 in Dodging
   204 | D        | Drowned by a water elemental

Vault maps used:
D:        sprint_v

Skill      XL: |  1  2  3  4  5  6  7  8  9 |
---------------+----------------------------+-----
Fighting       | 4 5 6 7 8 |  8.9
Maces & Flails | 2 3 4 5 6 7 |  7.7
Armour         | 5 6 7 8 9 10 | 10.5
Dodging        | 3 4 5 6 8 9 10 | 10.0
Shields        | 5 6 7 9 10 | 10.5
Short Blades   | |  2.6

Action                   |  1- 3 |  4- 6 |  7- 9 || total
-------------------------+-------+-------+-------++-------
Melee: Shillelagh        |     1 |    12 |    30 ||    43
Armor: Plate armour      |       |     2 |    18 ||    20
Dodge: Dodged            |       |     1 |    10 ||    11
Block: Shield            |       |    23 |    60 ||    83
